Espoo Blues vs Adelaide Pink Elephants
Created - Saturday, March 25, 2023 at 08:48
Goals
|
| Espoo Blues |
0 |
4 |
0 |
4 |
| Adelaide Pink Elephants |
1 |
2 |
0 |
3 |
|
Shots
|
| Espoo Blues |
1 |
25 |
14 |
40 |
| Adelaide Pink Elephants |
5 |
12 |
7 |
24 |
|
1st period
1. Adelaide Pink Elephants , Johan Larsson 11 (Axel Jonsson-Fjallby 1, Declan Chisholm 2) at 3:43
Penalties :
No Penalty
2nd period
2. Espoo Blues , Joe Snively 4 (Derick Brassard 12) at 2:19
3. Espoo Blues , Derek Grant 5 (Brendan Lemieux 3, Stefan Noesen 9) at 3:11
4. Espoo Blues , Derek Grant 6 (Brendan Lemieux 4, Patric Hornqvist 2) at 6:02 (PP)
5. Espoo Blues , Stefan Noesen 10 (Chad Ruhwedel 4, Brendan Lemieux 5) at 7:02
6. Adelaide Pink Elephants , Philippe Myers 2 (Adam Gaudette 3) at 9:39 (PP)
7. Adelaide Pink Elephants , Tyler Madden 1 (Adam Gaudette 4, Philippe Myers 4) at 18:05
Penalties :
Ryan Dzingel (APE) for Tripping (Minor) at 5:21, Stefan Noesen (ESP) for Delaying the game (Minor) at 8:29
3rd period
No Goal
Penalties :
Kevin Stenlund (APE) for Holding (Minor) at 0:52, Johan Larsson (APE) for Fighting (Major) at 6:23, Logan O'Connor (ESP) for Fighting (Major) at 6:23, Logan O'Connor (ESP) for instigated a fight (Minor) at 6:23, Logan O'Connor (ESP) for instigated a fight (10 Minutes Misconduct) at 6:23
Goalie Stats
Spencer Knight (ESP), 21 saves from 24 shots - (0.875), W, 6-1-0, 60:00 minutes
Jet Greaves (APE), 36 saves from 40 shots - (0.900), L, 3-6-0, 60:00 minutes
Players Stats for Espoo Blues
Player Name G A P +/- PIM S H SB GA TA FO MP PP MP PK MP
------------------------------------------------------------------------------------
Anton Blidh 0 0 0 0 0 2 2 1 0 1 0/0 13:43 0:05 0:13
Brendan Lemieux 0 3 3 0 0 4 4 1 0 1 0/0 17:11 1:13 0:00
Cam York 0 0 0 0 0 2 3 0 0 1 0/0 21:09 0:41 1:24
Chad Ruhwedel 0 1 1 0 0 0 0 1 0 2 0/0 21:25 0:41 1:24
Derek Grant 2 0 2 0 0 4 0 0 0 0 10/15 20:14 1:13 1:52
Derick Brassard 0 1 1 1 0 4 1 0 0 0 6/19 20:29 1:22 1:04
Fredrik Karlstrom 0 0 0 0 0 2 0 0 0 0 3/7 11:58 0:00 0:13
Gavin Bayreuther 0 0 0 -1 0 0 0 2 0 0 0/0 13:34 0:00 0:00
Joe Snively 1 0 1 0 0 3 3 0 0 0 0/1 18:49 1:18 0:47
Logan O'Connor 0 0 0 1 17 2 1 3 0 0 0/1 15:00 0:07 0:53
Mattias Janmark 0 0 0 0 0 1 1 0 1 0 0/1 5:27 0:09 1:16
Mattias Samuelsson 0 0 0 2 0 4 0 1 0 0 0/0 25:01 1:59 1:45
Michael Stone 0 0 0 2 0 4 2 2 0 0 0/0 24:28 1:59 1:45
Patric Hornqvist 0 1 1 0 0 1 1 0 0 0 0/0 16:15 1:13 0:00
Ridly Greig 0 0 0 0 0 0 1 0 0 0 0/0 8:21 0:00 0:00
Stefan Noesen 1 1 2 1 2 6 3 1 2 0 1/1 22:12 1:20 0:00
Urho Vaakanainen 0 0 0 -1 0 0 0 0 0 0 0/0 13:17 0:00 0:00
Viktor Lodin 0 0 0 0 0 1 1 0 0 0 2/4 8:16 0:00 0:00
Players Stats for Adelaide Pink Elephants
Player Name G A P +/- PIM S H SB GA TA FO MP PP MP PK MP
------------------------------------------------------------------------------------
A.J. Greer 0 0 0 -2 0 0 1 0 0 0 0/0 11:06 0:18 0:05
Adam Gaudette 0 2 2 0 0 3 2 0 0 0 1/2 18:11 1:40 1:06
Axel Jonsson-Fjallby 0 1 1 1 0 2 1 0 0 0 0/0 13:11 0:00 0:59
Ben Gleason 0 0 0 -1 0 0 0 2 0 0 0/0 13:37 0:00 0:00
Caleb Jones 0 0 0 1 0 0 2 0 1 1 0/0 26:51 2:20 1:23
Declan Chisholm 0 1 1 -1 0 0 0 1 0 0 0/0 19:19 0:49 1:17
Dominik Simon 0 0 0 0 0 1 1 0 2 0 0/0 18:10 1:16 0:21
Johan Larsson 1 0 1 0 5 6 4 5 0 0 14/27 23:26 0:41 1:48
Kevin Stenlund 0 0 0 0 2 2 1 0 0 1 7/9 18:12 1:24 0:00
Marc McLaughlin 0 0 0 1 0 0 2 0 0 0 0/0 4:21 0:30 0:00
Matthew Phillips 0 0 0 0 0 1 1 0 1 0 0/0 17:39 1:11 0:00
Nick Cicek 0 0 0 -1 0 0 2 0 0 0 0/0 13:35 0:00 0:00
Philippe Myers 1 1 2 1 0 3 1 0 1 0 0/0 26:52 2:20 1:23
Riley Damiani 0 0 0 1 0 2 1 0 0 0 1/3 12:03 0:00 0:00
Robin Salo 0 0 0 -1 0 1 0 2 0 0 0/0 19:27 0:49 1:17
Ryan Dzingel 0 0 0 -3 2 2 1 2 0 0 2/3 23:15 1:40 1:01
Ryan Suzuki 0 0 0 -2 0 0 1 1 0 0 2/4 10:13 0:00 0:00
Tyler Madden 1 0 1 1 0 1 0 0 0 1 0/1 7:49 0:47 0:00
3 Stars
1 - Brendan Lemieux (ESP)
2 - Derek Grant (ESP)
3 - Stefan Noesen (ESP)
Power Play
Espoo Blues - 1 on 2 Attempt(s) - 50.00%
Adelaide Pink Elephants - 1 on 2 Attempt(s) - 50.00%
Penalty Kill
Espoo Blues - 1 on 2 Attempt(s) - 50.00%
- Score 0 goal in Penalty Kill
Adelaide Pink Elephants - 1 on 2 Attempt(s) - 50.00%
- Score 0 goal in Penalty Kill
Team Stat
Espoo Blues - Hits : 23 - Faceoff Wins : 22 - Blocked Shots : 12 - Penalty Minutes : 19
Adelaide Pink Elephants - Hits : 21 - Faceoff Wins : 27 - Blocked Shots : 13 - Penalty Minutes : 9
Official
Referees : Dan O'Halloran and Garrett Rank
Linesman : Brian Mach and Darren Gibbs
Game Notes
Johan Larsson and Logan O'Connor fight to a draw at 6:23 of 3rd period
Espoo Blues
5 vs 5 Forward
Center Left Wing Right Wing Time % Phy DF OF
1 Derick Brassard Joe Snively Logan O'Connor 37 1 1 2
2 Derek Grant Brendan Lemieux Stefan Noesen 36 1 2 2
3 Fredrik Karlstrom Anton Blidh Patric Hornqvist 22 1 2 2
4 Viktor Lodin Ridly Greig Stefan Noesen 5 1 2 2
5 vs 5 Defense
Defense Defense Time % Phy DF OF
1 Mattias Samuelsson Michael Stone 41 1 2 2
2 Chad Ruhwedel Cam York 32 1 2 2
3 Urho Vaakanainen Gavin Bayreuther 20 1 2 2
4 Mattias Samuelsson Cam York 7 1 2 2
PowerPlay Forward
Center Left Wing Right Wing Time % Phy DF OF
1 Derick Brassard Joe Snively Stefan Noesen 62 1 2 2
2 Derek Grant Brendan Lemieux Patric Hornqvist 38 1 2 2
PowerPlay Defense
Defense Defense Time % Phy DF OF
1 Mattias Samuelsson Michael Stone 60 1 2 2
2 Chad Ruhwedel Cam York 40 1 2 2
Penalty Kill 4 Players Forward
Center Wing Time % Phy DF OF
1 Derek Grant Logan O'Connor 60 1 2 2
2 Derick Brassard Mattias Janmark 40 1 2 2
Penalty Kill 4 Players Defense
Defense Defense Time % Phy DF OF
1 Mattias Samuelsson Michael Stone 60 1 2 2
2 Chad Ruhwedel Cam York 40 1 2 2
Penalty Kill - 3 Players Forward
Forward Time % Phy DF OF
1 Derek Grant 60 1 2 2
2 Derick Brassard 40 1 2 2
Penalty Kill - 3 Players Defense
Defense Defense Time % Phy DF OF
1 Mattias Samuelsson Michael Stone 60 1 2 2
2 Chad Ruhwedel Cam York 40 1 2 2
4 vs 4 Forward
Center Wing Time % Phy DF OF
1 Derek Grant Stefan Noesen 60 1 2 2
2 Derick Brassard Joe Snively 40 1 2 2
4 vs 4 Defense
Defense Defense Time % Phy DF OF
1 Mattias Samuelsson Michael Stone 60 1 2 2
2 Chad Ruhwedel Cam York 40 1 2 2
Last Minutes Offensive
Center Left Wing Right Wing Defense Defense
Derek Grant Joe Snively Stefan Noesen Mattias Samuelsson Michael Stone
Last Minutes Defensive
Center Left Wing Right Wing Defense Defense
Derek Grant Derick Brassard Logan O'Connor Mattias Samuelsson Michael Stone
Goaltenders
Starting : Spencer Knight
Backup : Stuart Skinner
Extra Forwards
Normal : Stefan Noesen, Joe Snively, Derick Brassard - PP : Stefan Noesen, Joe Snively - PK : Logan O'Connor
Extra Defensemen
Normal : Cam York, Mattias Samuelsson, Michael Stone - PP : Michael Stone - PK : Urho Vaakanainen, Gavin Bayreuther
Penalty Shots
Stefan Noesen, Patric Hornqvist, Joe Snively, Brendan Lemieux, Viktor Lodin
Adelaide Pink Elephants
5 vs 5 Forward
Center Left Wing Right Wing Time % Phy DF OF
1 Johan Larsson Ryan Dzingel Adam Gaudette 40 1 2 2
2 Kevin Stenlund Dominik Simon Matthew Phillips 30 1 2 2
3 Riley Damiani Axel Jonsson-Fjallby Johan Larsson 20 1 2 2
4 Ryan Suzuki A.J. Greer Ryan Dzingel 10 1 2 2
5 vs 5 Defense
Defense Defense Time % Phy DF OF
1 Caleb Jones Philippe Myers 40 1 2 2
2 Robin Salo Declan Chisholm 30 1 2 2
3 Ben Gleason Nick Cicek 20 1 2 2
4 Caleb Jones Philippe Myers 10 1 2 2
PowerPlay Forward
Center Left Wing Right Wing Time % Phy DF OF
1 Johan Larsson Ryan Dzingel Adam Gaudette 60 1 2 2
2 Kevin Stenlund Dominik Simon Matthew Phillips 40 1 2 2
PowerPlay Defense
Defense Defense Time % Phy DF OF
1 Caleb Jones Philippe Myers 60 1 2 2
2 Robin Salo Declan Chisholm 40 1 2 2
Penalty Kill 4 Players Forward
Center Wing Time % Phy DF OF
1 Johan Larsson Ryan Dzingel 60 1 2 2
2 Adam Gaudette Dominik Simon 40 1 2 2
Penalty Kill 4 Players Defense
Defense Defense Time % Phy DF OF
1 Caleb Jones Philippe Myers 60 1 2 2
2 Robin Salo Declan Chisholm 40 1 2 2
Penalty Kill - 3 Players Forward
Forward Time % Phy DF OF
1 Johan Larsson 60 1 2 2
2 Ryan Dzingel 40 1 2 2
Penalty Kill - 3 Players Defense
Defense Defense Time % Phy DF OF
1 Caleb Jones Philippe Myers 60 1 2 2
2 Robin Salo Declan Chisholm 40 1 2 2
4 vs 4 Forward
Center Wing Time % Phy DF OF
1 Johan Larsson Ryan Dzingel 60 1 2 2
2 Adam Gaudette Dominik Simon 40 1 2 2
4 vs 4 Defense
Defense Defense Time % Phy DF OF
1 Caleb Jones Philippe Myers 60 1 2 2
2 Robin Salo Declan Chisholm 40 1 2 2
Last Minutes Offensive
Center Left Wing Right Wing Defense Defense
Johan Larsson Ryan Dzingel Adam Gaudette Caleb Jones Philippe Myers
Last Minutes Defensive
Center Left Wing Right Wing Defense Defense
Johan Larsson Ryan Dzingel Adam Gaudette Caleb Jones Philippe Myers
Goaltenders
Starting : Jet Greaves
Backup : Matthew Murray
Extra Forwards
Normal : Tyler Madden, Marc McLaughlin, Axel Jonsson-Fjallby - PP : Tyler Madden, Marc McLaughlin - PK : Axel Jonsson-Fjallby
Extra Defensemen
Normal : Ben Gleason, Nick Cicek, Robin Salo - PP : Ben Gleason - PK : Nick Cicek, Robin Salo
Penalty Shots
Johan Larsson, Ryan Dzingel, Adam Gaudette, Dominik Simon, Kevin Stenlund
% Time on Ice - Espoo Blues
Lines # - Real PCT - Wanted PCT - Time Play
Normal Forward
1 - 31% - 37% - 16:17
2 - 32% - 36% - 17:08
3 - 22% - 22% - 11:30
4 - 16% - 5% - 8:16
Normal Defense
1 - 38% - 41% - 20:25
2 - 34% - 32% - 17:54
3 - 25% - 20% - 13:07
4 - 3% - 7% - 1:45
PP Forward
1 - 54% - 62% - 1:27
2 - 46% - 38% - 1:13
PP Defense
1 - 74% - 60% - 1:59
2 - 26% - 40% - 0:41
PK Forward
1 - 96% - 60% - 3:01
2 - 4% - 40% - 0:08
PK Defense
1 - 56% - 60% - 1:45
2 - 44% - 40% - 1:24
PK3 Forward
1 - 0% - 60%
2 - 0% - 40%
PK3 Defense
1 - 0% - 60%
2 - 0% - 40%
44 Forward
1 - 0% - 60%
2 - 0% - 40%
44 Defense
1 - 0% - 60%
2 - 0% - 40%
Last Minute Offensive - 0:00
Last Minute Defensive - 1:00
Total
Forward - 60:00
Defense - 60:00
|
% Time on Ice - Adelaide Pink Elephants
Lines # - Real PCT - Wanted PCT - Time Play
Normal Forward
1 - 28% - 40% - 14:46
2 - 32% - 30% - 16:57
3 - 22% - 20% - 11:28
4 - 19% - 10% - 9:57
Normal Defense
1 - 38% - 40% - 20:23
2 - 30% - 30% - 16:05
3 - 26% - 20% - 13:35
4 - 6% - 10% - 3:05
PP Forward
1 - 62% - 60% - 1:58
2 - 38% - 40% - 1:11
PP Defense
1 - 74% - 60% - 2:20
2 - 26% - 40% - 0:49
PK Forward
1 - 87% - 60% - 2:19
2 - 13% - 40% - 0:21
PK Defense
1 - 52% - 60% - 1:23
2 - 48% - 40% - 1:17
PK3 Forward
1 - 0% - 60%
2 - 0% - 40%
PK3 Defense
1 - 0% - 60%
2 - 0% - 40%
44 Forward
1 - 0% - 60%
2 - 0% - 40%
44 Defense
1 - 0% - 60%
2 - 0% - 40%
Last Minute Offensive - 1:03
Last Minute Defensive - 0:00
Total
Forward - 60:00
Defense - 60:00
|
Play-by-Play
1st period
0:01 of 1st period - Derick Brassard wins face-off versus Johan Larsson in neutral zone.
0:26 of 1st period - Michael Stone is hit by Kevin Stenlund and loses puck.
1:22 of 1st period - Wrist shot by Derick Brassard.
1:22 of 1st period - Shot Misses the Net.
3:00 of 1st period - Riley Damiani is hit by Logan O'Connor and loses puck.
3:07 of 1st period - Johan Larsson is hit by Joe Snively and loses puck.
3:22 of 1st period - Chad Ruhwedel is hit by Riley Damiani and loses puck.
3:29 of 1st period - Wrist shot by Johan Larsson.
3:29 of 1st period - Stopped by Spencer Knight with a rebound.
3:31 of 1st period - Snap shot by Riley Damiani.
3:31 of 1st period - Stopped by Spencer Knight with a rebound.
3:33 of 1st period - Wrist shot by Axel Jonsson-Fjallby.
3:33 of 1st period - Stopped by Spencer Knight with a rebound.
3:35 of 1st period - Wrist shot by Johan Larsson.
3:35 of 1st period - Shot Misses the Net.
3:43 of 1st period - Slapshot by Johan Larsson.
3:43 of 1st period - Goal by Johan Larsson - Espoo Blues : 0 - Adelaide Pink Elephants : 1.
3:44 of 1st period - Kevin Stenlund wins face-off versus Derick Brassard in neutral zone.
3:55 of 1st period - Slapshot by Joe Snively.
3:55 of 1st period - Shot Misses the Net.
4:51 of 1st period - Slapshot by Riley Damiani.
4:51 of 1st period - Stopped by Spencer Knight without a rebound.
4:52 of 1st period - Riley Damiani wins face-off versus Viktor Lodin in Espoo Blues zone.
7:25 of 1st period - Axel Jonsson-Fjallby is hit by Brendan Lemieux and loses puck.
7:36 of 1st period - Philippe Myers is hit by Joe Snively and loses puck.
7:47 of 1st period - Snap shot by Dominik Simon.
7:47 of 1st period - Shot Misses the Net.
7:59 of 1st period - Declan Chisholm is hit by Ridly Greig and loses puck.
8:06 of 1st period - A.J. Greer is hit by Viktor Lodin and loses puck.
8:17 of 1st period - Logan O'Connor is hit by Nick Cicek and loses puck.
8:29 of 1st period - Off-side.
8:30 of 1st period - Fredrik Karlstrom wins face-off versus Johan Larsson in neutral zone.
8:58 of 1st period - Derek Grant is hit by Johan Larsson and loses puck.
10:06 of 1st period - Snap shot by Stefan Noesen.
10:06 of 1st period - Shot Misses the Net.
10:28 of 1st period - Slapshot by Derek Grant.
10:28 of 1st period - Shot Blocked by Johan Larsson.
10:50 of 1st period - Snap shot by Brendan Lemieux.
10:50 of 1st period - Stopped by Jet Greaves without a rebound.
10:51 of 1st period - Kevin Stenlund wins face-off versus Derick Brassard in Adelaide Pink Elephants zone.
11:18 of 1st period - Michael Stone is hit by A.J. Greer and loses puck.
14:19 of 1st period - Caleb Jones is hit by Cam York and loses puck.
16:50 of 1st period - Ben Gleason is hit by Patric Hornqvist and loses puck.
Goals for this period are 0 for Espoo Blues vs 1 for Adelaide Pink Elephants.
Shots for this period are 1 for Espoo Blues vs 5 for Adelaide Pink Elephants.
2nd period
0:01 of 2nd period - Derek Grant wins face-off versus Johan Larsson in neutral zone.
0:12 of 2nd period - Wrist shot by Johan Larsson.
0:12 of 2nd period - Deflect By Adam Gaudette.
0:12 of 2nd period - Stopped by Spencer Knight without a rebound.
0:13 of 2nd period - Derick Brassard wins face-off versus Johan Larsson in Espoo Blues zone.
0:20 of 2nd period - Slapshot by Mattias Samuelsson.
0:20 of 2nd period - Shot Blocked by Declan Chisholm.
0:28 of 2nd period - Slapshot by Joe Snively.
0:28 of 2nd period - Shot Misses the Net.
0:40 of 2nd period - Snap shot by Patric Hornqvist.
0:40 of 2nd period - Stopped by Jet Greaves with a rebound.
0:42 of 2nd period - Wrist shot by Fredrik Karlstrom.
0:42 of 2nd period - Stopped by Jet Greaves with a rebound.
0:44 of 2nd period - Slapshot by Fredrik Karlstrom.
0:44 of 2nd period - Stopped by Jet Greaves without a rebound.
0:45 of 2nd period - Kevin Stenlund wins face-off versus Fredrik Karlstrom in Adelaide Pink Elephants zone.
0:53 of 2nd period - Off-side.
0:54 of 2nd period - Kevin Stenlund wins face-off versus Derek Grant in neutral zone.
1:02 of 2nd period - Wrist shot by Michael Stone.
1:02 of 2nd period - Deflect By Stefan Noesen.
1:02 of 2nd period - Stopped by Jet Greaves with a rebound.
1:04 of 2nd period - Snap shot by Mattias Samuelsson.
1:04 of 2nd period - Stopped by Jet Greaves with a rebound.
1:06 of 2nd period - Slapshot by Mattias Samuelsson.
1:06 of 2nd period - Deflect By Matthew Phillips.
1:06 of 2nd period - Stopped by Jet Greaves with a rebound.
1:08 of 2nd period - Slapshot by Mattias Samuelsson.
1:08 of 2nd period - Stopped by Jet Greaves without a rebound.
1:09 of 2nd period - Johan Larsson wins face-off versus Derick Brassard in Adelaide Pink Elephants zone.
1:14 of 2nd period - Wrist shot by Logan O'Connor.
1:14 of 2nd period - Shot Blocked by Ryan Dzingel.
1:16 of 2nd period - Slapshot by Derick Brassard.
1:16 of 2nd period - Deflect By Joe Snively.
1:16 of 2nd period - Stopped by Jet Greaves with a rebound.
1:18 of 2nd period - Wrist shot by Derick Brassard.
1:18 of 2nd period - Shot Blocked by Robin Salo.
1:20 of 2nd period - Snap shot by Derick Brassard.
1:20 of 2nd period - Shot Misses the Net.
1:22 of 2nd period - Snap shot by Logan O'Connor.
1:22 of 2nd period - Stopped by Jet Greaves with a rebound.
1:34 of 2nd period - Brendan Lemieux is hit by Dominik Simon and loses puck.
2:01 of 2nd period - Wrist shot by Patric Hornqvist.
2:01 of 2nd period - Shot Blocked by Johan Larsson.
2:17 of 2nd period - Snap shot by Derick Brassard.
2:17 of 2nd period - Shot Misses the Net.
2:19 of 2nd period - Wrist shot by Joe Snively.
2:19 of 2nd period - Goal by Joe Snively - Espoo Blues : 1 - Adelaide Pink Elephants : 1.
2:20 of 2nd period - Ryan Dzingel wins face-off versus Derick Brassard in neutral zone.
2:51 of 2nd period - Snap shot by Stefan Noesen.
2:51 of 2nd period - Stopped by Jet Greaves with a rebound.
2:53 of 2nd period - Wrist shot by Brendan Lemieux.
2:53 of 2nd period - Shot Misses the Net.
2:55 of 2nd period - Slapshot by Cam York.
2:55 of 2nd period - Stopped by Jet Greaves without a rebound.
2:56 of 2nd period - Derek Grant wins face-off versus Johan Larsson in Adelaide Pink Elephants zone.
2:59 of 2nd period - Wrist shot by Brendan Lemieux.
2:59 of 2nd period - Stopped by Jet Greaves with a rebound.
3:01 of 2nd period - Wrist shot by Stefan Noesen.
3:01 of 2nd period - Shot Blocked by Ryan Dzingel.
3:03 of 2nd period - Slapshot by Michael Stone.
3:03 of 2nd period - Stopped by Jet Greaves without a rebound.
3:04 of 2nd period - Stefan Noesen wins face-off versus Johan Larsson in Adelaide Pink Elephants zone.
3:07 of 2nd period - Snap shot by Derek Grant.
3:07 of 2nd period - Shot Misses the Net.
3:09 of 2nd period - Snap shot by Brendan Lemieux.
3:09 of 2nd period - Stopped by Jet Greaves with a rebound.
3:11 of 2nd period - Snap shot by Derek Grant.
3:11 of 2nd period - Goal by Derek Grant - Espoo Blues : 2 - Adelaide Pink Elephants : 1.
3:12 of 2nd period - Derick Brassard wins face-off versus Johan Larsson in neutral zone.
3:15 of 2nd period - Philippe Myers is hit by Derick Brassard and loses puck.
3:38 of 2nd period - Kevin Stenlund is hit by Michael Stone and loses puck.
4:13 of 2nd period - Wrist shot by Anton Blidh.
4:13 of 2nd period - Stopped by Jet Greaves with a rebound.
4:19 of 2nd period - Patric Hornqvist is hit by Ryan Suzuki and loses puck.
5:04 of 2nd period - Snap shot by Stefan Noesen.
5:04 of 2nd period - Stopped by Jet Greaves with a rebound.
5:16 of 2nd period - Snap shot by Stefan Noesen.
5:16 of 2nd period - Deflect By Brendan Lemieux.
5:16 of 2nd period - Shot Misses the Net.
5:16 of 2nd period - Puck is out of play.
5:17 of 2nd period - Derek Grant wins face-off versus Ryan Suzuki in Adelaide Pink Elephants zone.
5:21 of 2nd period - Minor Penalty to Ryan Dzingel for Tripping.
5:22 of 2nd period - Johan Larsson wins face-off versus Derick Brassard in Adelaide Pink Elephants zone.
5:48 of 2nd period - Snap shot by Patric Hornqvist.
5:48 of 2nd period - Shot Blocked by Johan Larsson.
5:50 of 2nd period - Slapshot by Michael Stone.
5:50 of 2nd period - Stopped by Jet Greaves with a rebound.
5:52 of 2nd period - Slapshot by Michael Stone.
5:52 of 2nd period - Deflect By Axel Jonsson-Fjallby.
5:52 of 2nd period - Stopped by Jet Greaves without a rebound.
5:53 of 2nd period - Derek Grant wins face-off versus Johan Larsson in Adelaide Pink Elephants zone.
5:56 of 2nd period - Snap shot by Brendan Lemieux.
5:56 of 2nd period - Shot Blocked by Johan Larsson.
5:58 of 2nd period - Wrist shot by Patric Hornqvist.
5:58 of 2nd period - Shot Misses the Net.
6:00 of 2nd period - Wrist shot by Brendan Lemieux.
6:00 of 2nd period - Stopped by Jet Greaves with a rebound.
6:02 of 2nd period - Snap shot by Derek Grant.
6:02 of 2nd period - Deflect By Adam Gaudette.
6:02 of 2nd period - Goal by Derek Grant - Espoo Blues : 3 - Adelaide Pink Elephants : 1.
6:03 of 2nd period - Derick Brassard wins face-off versus Johan Larsson in neutral zone.
6:28 of 2nd period - Slapshot by Derek Grant.
6:28 of 2nd period - Shot Misses the Net.
6:56 of 2nd period - Snap shot by Stefan Noesen.
6:56 of 2nd period - Shot Misses the Net.
6:58 of 2nd period - Slapshot by Chad Ruhwedel.
6:58 of 2nd period - Shot Misses the Net.
7:00 of 2nd period - Snap shot by Stefan Noesen.
7:00 of 2nd period - Shot Blocked by Ryan Suzuki.
7:02 of 2nd period - Wrist shot by Stefan Noesen.
7:02 of 2nd period - Goal by Stefan Noesen - Espoo Blues : 4 - Adelaide Pink Elephants : 1.
7:03 of 2nd period - Derick Brassard wins face-off versus Johan Larsson in neutral zone.
8:29 of 2nd period - Minor Penalty to Stefan Noesen for Delaying the game.
8:30 of 2nd period - Kevin Stenlund wins face-off versus Derek Grant in Espoo Blues zone.
8:58 of 2nd period - Icing by Adam Gaudette.
8:59 of 2nd period - Derek Grant wins face-off versus Johan Larsson in Adelaide Pink Elephants zone.
9:39 of 2nd period - Slapshot by Philippe Myers.
9:39 of 2nd period - Goal by Philippe Myers - Espoo Blues : 4 - Adelaide Pink Elephants : 2.
9:40 of 2nd period - Johan Larsson wins face-off versus Joe Snively in neutral zone.
9:47 of 2nd period - Snap shot by Ryan Dzingel.
9:47 of 2nd period - Shot Blocked by Logan O'Connor.
10:05 of 2nd period - Dominik Simon is hit by Brendan Lemieux and loses puck.
10:14 of 2nd period - Stefan Noesen is hit by Caleb Jones and loses puck.
10:32 of 2nd period - Wrist shot by Johan Larsson.
10:32 of 2nd period - Shot Misses the Net.
10:34 of 2nd period - Slapshot by Ben Gleason.
10:34 of 2nd period - Shot Misses the Net.
10:36 of 2nd period - Slapshot by Riley Damiani.
10:36 of 2nd period - Shot Misses the Net.
10:59 of 2nd period - Icing by Ben Gleason.
11:00 of 2nd period - Ryan Dzingel wins face-off versus Viktor Lodin in Adelaide Pink Elephants zone.
11:06 of 2nd period - Icing by Urho Vaakanainen.
11:07 of 2nd period - Viktor Lodin wins face-off versus Kevin Stenlund in Espoo Blues zone.
11:20 of 2nd period - Wrist shot by Dominik Simon.
11:20 of 2nd period - Stopped by Spencer Knight with a rebound.
11:32 of 2nd period - Derick Brassard is hit by Adam Gaudette and loses puck.
11:41 of 2nd period - Wrist shot by Adam Gaudette.
11:41 of 2nd period - Deflect By Urho Vaakanainen.
11:41 of 2nd period - Stopped by Spencer Knight with a rebound.
12:07 of 2nd period - Wrist shot by Kevin Stenlund.
12:07 of 2nd period - Shot Misses the Net.
12:09 of 2nd period - Wrist shot by Matthew Phillips.
12:09 of 2nd period - Stopped by Spencer Knight with a rebound.
12:13 of 2nd period - Snap shot by Kevin Stenlund.
12:13 of 2nd period - Stopped by Spencer Knight with a rebound.
12:28 of 2nd period - Snap shot by Ryan Dzingel.
12:28 of 2nd period - Shot Misses the Net.
12:42 of 2nd period - Logan O'Connor is hit by Johan Larsson and loses puck.
13:01 of 2nd period - Slapshot by Viktor Lodin.
13:01 of 2nd period - Stopped by Jet Greaves with a rebound.
13:03 of 2nd period - Snap shot by Stefan Noesen.
13:03 of 2nd period - Shot Misses the Net.
13:05 of 2nd period - Slapshot by Viktor Lodin.
13:05 of 2nd period - Shot Misses the Net.
14:17 of 2nd period - Chad Ruhwedel is hit by Axel Jonsson-Fjallby and loses puck.
14:43 of 2nd period - Nick Cicek is hit by Cam York.
15:30 of 2nd period - Riley Damiani is hit by Stefan Noesen and loses puck.
15:43 of 2nd period - Slapshot by Mattias Janmark.
15:43 of 2nd period - Shot Misses the Net.
16:22 of 2nd period - Viktor Lodin is hit by Ryan Dzingel and loses puck.
17:07 of 2nd period - Caleb Jones is hit by Anton Blidh and loses puck.
17:18 of 2nd period - Chad Ruhwedel is hit by Caleb Jones and loses puck.
18:03 of 2nd period - Wrist shot by Adam Gaudette.
18:03 of 2nd period - Shot Misses the Net.
18:05 of 2nd period - Snap shot by Tyler Madden.
18:05 of 2nd period - Goal by Tyler Madden - Espoo Blues : 4 - Adelaide Pink Elephants : 3.
18:06 of 2nd period - Johan Larsson wins face-off versus Derick Brassard in neutral zone.
18:15 of 2nd period - Snap shot by Adam Gaudette.
18:15 of 2nd period - Stopped by Spencer Knight with a rebound.
18:17 of 2nd period - Snap shot by Adam Gaudette.
18:17 of 2nd period - Deflect By Derick Brassard.
18:17 of 2nd period - Shot Blocked by Gavin Bayreuther.
18:17 of 2nd period - Puck is out of play.
18:18 of 2nd period - Johan Larsson wins face-off versus Derick Brassard in Espoo Blues zone.
18:23 of 2nd period - Snap shot by Ryan Dzingel.
18:23 of 2nd period - Shot Blocked by Mattias Samuelsson.
18:25 of 2nd period - Slapshot by Robin Salo.
18:25 of 2nd period - Stopped by Spencer Knight with a rebound.
18:27 of 2nd period - Slapshot by Robin Salo.
18:27 of 2nd period - Shot Misses the Net.
18:33 of 2nd period - Slapshot by Johan Larsson.
18:33 of 2nd period - Stopped by Spencer Knight with a rebound.
18:43 of 2nd period - Declan Chisholm is hit by Michael Stone and loses puck.
19:04 of 2nd period - Snap shot by Patric Hornqvist.
19:04 of 2nd period - Shot Misses the Net.
19:06 of 2nd period - Snap shot by Anton Blidh.
19:06 of 2nd period - Stopped by Jet Greaves with a rebound.
19:08 of 2nd period - Snap shot by Patric Hornqvist.
19:08 of 2nd period - Deflect By Fredrik Karlstrom.
19:08 of 2nd period - Shot Blocked by Johan Larsson.
19:08 of 2nd period - Puck is out of play.
19:09 of 2nd period - Derick Brassard wins face-off versus Riley Damiani in Adelaide Pink Elephants zone.
19:12 of 2nd period - Wrist shot by Derick Brassard.
19:12 of 2nd period - Shot Misses the Net.
19:20 of 2nd period - Slapshot by Johan Larsson.
19:20 of 2nd period - Stopped by Spencer Knight with a rebound.
19:22 of 2nd period - Snap shot by Johan Larsson.
19:22 of 2nd period - Stopped by Spencer Knight with a rebound.
19:32 of 2nd period - Caleb Jones is hit by Stefan Noesen and loses puck.
Goals for this period are 4 for Espoo Blues vs 2 for Adelaide Pink Elephants.
Shots for this period are 25 for Espoo Blues vs 12 for Adelaide Pink Elephants.
3rd period
0:01 of 3rd period - Johan Larsson wins face-off versus Derick Brassard in neutral zone.
0:11 of 3rd period - Off-side.
0:12 of 3rd period - Adam Gaudette wins face-off versus Derick Brassard in neutral zone.
0:52 of 3rd period - Minor Penalty to Kevin Stenlund for Holding.
0:53 of 3rd period - Johan Larsson wins face-off versus Derick Brassard in Adelaide Pink Elephants zone.
2:52 of 3rd period - Penalty to Kevin Stenlund is over, Kevin Stenlund is back on ice.
3:01 of 3rd period - Wrist shot by Johan Larsson.
3:01 of 3rd period - Shot Blocked by Logan O'Connor.
3:14 of 3rd period - Icing by Dominik Simon.
3:15 of 3rd period - Viktor Lodin wins face-off versus Kevin Stenlund in Adelaide Pink Elephants zone.
3:25 of 3rd period - Snap shot by Anton Blidh.
3:25 of 3rd period - Shot Blocked by Ben Gleason.
3:41 of 3rd period - Snap shot by Ryan Suzuki.
3:41 of 3rd period - Shot Blocked by Gavin Bayreuther.
4:14 of 3rd period - Urho Vaakanainen is hit by Philippe Myers and loses puck.
4:49 of 3rd period - Wrist shot by Logan O'Connor.
4:49 of 3rd period - Stopped by Jet Greaves with a rebound.
4:51 of 3rd period - Snap shot by Joe Snively.
4:51 of 3rd period - Stopped by Jet Greaves without a rebound.
4:52 of 3rd period - Fredrik Karlstrom wins face-off versus Ryan Suzuki in Adelaide Pink Elephants zone.
5:15 of 3rd period - Johan Larsson is hit by Joe Snively and loses puck.
5:22 of 3rd period - Snap shot by Axel Jonsson-Fjallby.
5:22 of 3rd period - Shot Blocked by Chad Ruhwedel.
5:24 of 3rd period - Snap shot by Declan Chisholm.
5:24 of 3rd period - Shot Blocked by Logan O'Connor.
5:36 of 3rd period - Wrist shot by Dominik Simon.
5:36 of 3rd period - Shot Blocked by Stefan Noesen.
5:38 of 3rd period - Snap shot by Matthew Phillips.
5:38 of 3rd period - Shot Blocked by Brendan Lemieux.
5:40 of 3rd period - Wrist shot by Kevin Stenlund.
5:40 of 3rd period - Shot Hit the Post.
5:42 of 3rd period - Slapshot by Ben Gleason.
5:42 of 3rd period - Deflect By Kevin Stenlund.
5:42 of 3rd period - Stopped by Spencer Knight without a rebound.
5:43 of 3rd period - Johan Larsson wins face-off versus Fredrik Karlstrom in Espoo Blues zone.
5:44 of 3rd period - Snap shot by Ryan Dzingel.
5:44 of 3rd period - Stopped by Spencer Knight without a rebound.
5:45 of 3rd period - Johan Larsson wins face-off versus Fredrik Karlstrom in Espoo Blues zone.
5:52 of 3rd period - Snap shot by Johan Larsson.
5:52 of 3rd period - Stopped by Spencer Knight without a rebound.
5:53 of 3rd period - Johan Larsson wins face-off versus Fredrik Karlstrom in Espoo Blues zone.
5:56 of 3rd period - Slapshot by Adam Gaudette.
5:56 of 3rd period - Shot Misses the Net.
5:58 of 3rd period - Slapshot by Philippe Myers.
5:58 of 3rd period - Shot Blocked by Anton Blidh.
6:00 of 3rd period - Wrist shot by Johan Larsson.
6:00 of 3rd period - Deflect By Ryan Dzingel.
6:00 of 3rd period - Shot Blocked by Michael Stone.
6:00 of 3rd period - Puck is out of play.
6:01 of 3rd period - Johan Larsson wins face-off versus Derek Grant in Espoo Blues zone.
6:12 of 3rd period - Snap shot by Stefan Noesen.
6:12 of 3rd period - Shot Misses the Net.
6:14 of 3rd period - Backhand shot by Michael Stone.
6:14 of 3rd period - Stopped by Jet Greaves without a rebound.
6:15 of 3rd period - Johan Larsson wins face-off versus Logan O'Connor in Adelaide Pink Elephants zone.
6:20 of 3rd period - Backhand shot by Philippe Myers.
6:20 of 3rd period - Stopped by Spencer Knight with a rebound.
6:23 of 3rd period - Johan Larsson and Logan O'Connor fight to a draw.
6:23 of 3rd period - Penalty to Johan Larsson for Fighting.
6:23 of 3rd period - Penalty to Logan O'Connor for Fighting.
6:23 of 3rd period - Penalty to Logan O'Connor for instigated a fight.
6:23 of 3rd period - Penalty to Logan O'Connor for instigated a fight.
6:24 of 3rd period - Derek Grant wins face-off versus Tyler Madden in neutral zone.
7:33 of 3rd period - Derick Brassard is hit by Adam Gaudette and loses puck.
8:23 of 3rd period - Penalty to Logan O'Connor is over, Patric Hornqvist is send on ice.
9:21 of 3rd period - Kevin Stenlund is hit by Brendan Lemieux and loses puck.
9:56 of 3rd period - Caleb Jones is hit by Anton Blidh.
10:52 of 3rd period - Marc McLaughlin is hit by Brendan Lemieux.
11:42 of 3rd period - Snap shot by Mattias Janmark.
11:42 of 3rd period - Stopped by Jet Greaves without a rebound.
11:43 of 3rd period - Kevin Stenlund wins face-off versus Derek Grant in Adelaide Pink Elephants zone.
12:14 of 3rd period - Snap shot by Ryan Dzingel.
12:14 of 3rd period - Shot Blocked by Michael Stone.
12:50 of 3rd period - Nick Cicek is hit by Cam York and loses puck.
13:03 of 3rd period - Stefan Noesen is hit by Nick Cicek and loses puck.
13:16 of 3rd period - Slapshot by Philippe Myers.
13:16 of 3rd period - Stopped by Spencer Knight without a rebound.
13:17 of 3rd period - Ryan Suzuki wins face-off versus Derick Brassard in Espoo Blues zone.
13:18 of 3rd period - Slapshot by Tyler Madden.
13:18 of 3rd period - Deflect By Ryan Suzuki.
13:18 of 3rd period - Shot Misses the Net.
13:18 of 3rd period - Puck is out of play.
13:19 of 3rd period - Johan Larsson wins face-off versus Derick Brassard in Espoo Blues zone.
13:20 of 3rd period - Snap shot by Ryan Dzingel.
13:20 of 3rd period - Stopped by Spencer Knight without a rebound.
13:21 of 3rd period - Derek Grant wins face-off versus Adam Gaudette in Espoo Blues zone.
13:54 of 3rd period - Michael Stone is hit by Matthew Phillips.
14:08 of 3rd period - Slapshot by Cam York.
14:08 of 3rd period - Stopped by Jet Greaves without a rebound.
14:09 of 3rd period - Fredrik Karlstrom wins face-off versus Riley Damiani in Adelaide Pink Elephants zone.
14:16 of 3rd period - Slapshot by Anton Blidh.
14:16 of 3rd period - Shot Blocked by Robin Salo.
14:55 of 3rd period - Wrist shot by Derick Brassard.
14:55 of 3rd period - Shot Blocked by Ben Gleason.
14:57 of 3rd period - Slapshot by Mattias Samuelsson.
14:57 of 3rd period - Stopped by Jet Greaves without a rebound.
14:58 of 3rd period - Ryan Suzuki wins face-off versus Derick Brassard in Adelaide Pink Elephants zone.
15:21 of 3rd period - Stefan Noesen is hit by Johan Larsson and loses puck.
15:28 of 3rd period - Slapshot by Axel Jonsson-Fjallby.
15:28 of 3rd period - Stopped by Spencer Knight with a rebound.
15:30 of 3rd period - Slapshot by Robin Salo.
15:30 of 3rd period - Shot Misses the Net.
16:32 of 3rd period - Ryan Dzingel is hit by Stefan Noesen and loses puck.
16:41 of 3rd period - Urho Vaakanainen is hit by Johan Larsson and loses puck.
17:16 of 3rd period - Joe Snively is hit by Marc McLaughlin and loses puck.
18:05 of 3rd period - Stefan Noesen is hit by Marc McLaughlin and loses puck.
18:13 of 3rd period - Icing by Chad Ruhwedel.
18:14 of 3rd period - Kevin Stenlund wins face-off versus Mattias Janmark in Espoo Blues zone.
18:48 of 3rd period - Icing by Dominik Simon.
18:49 of 3rd period - Johan Larsson wins face-off versus Derek Grant in Adelaide Pink Elephants zone.
18:49 of 3rd period - Johan Larsson is hit by Mattias Janmark.
19:13 of 3rd period - Wrist shot by Stefan Noesen.
19:13 of 3rd period - Stopped by Jet Greaves without a rebound.
19:14 of 3rd period - Craig Berube call a timeout for Adelaide Pink Elephants.
19:14 of 3rd period - Derek Grant wins face-off versus Johan Larsson in Adelaide Pink Elephants zone.
19:17 of 3rd period - Wrist shot by Derek Grant.
19:17 of 3rd period - Stopped by Jet Greaves with a rebound.
19:19 of 3rd period - Snap shot by Michael Stone.
19:19 of 3rd period - Shot Misses the Net.
19:21 of 3rd period - Wrist shot by Michael Stone.
19:21 of 3rd period - Shot Misses the Net.
19:27 of 3rd period - Wrist shot by Derick Brassard.
19:27 of 3rd period - Shot Hit the Post.
19:29 of 3rd period - Slapshot by Derick Brassard.
19:29 of 3rd period - Stopped by Jet Greaves with a rebound.
19:39 of 3rd period - Snap shot by Derek Grant.
19:39 of 3rd period - Stopped by Jet Greaves without a rebound.
19:40 of 3rd period - Derek Grant wins face-off versus Ryan Dzingel in Adelaide Pink Elephants zone.
19:47 of 3rd period - Wrist shot by Derick Brassard.
19:47 of 3rd period - Stopped by Jet Greaves without a rebound.
19:48 of 3rd period - Derek Grant wins face-off versus Johan Larsson in Adelaide Pink Elephants zone.
19:51 of 3rd period - Slapshot by Derick Brassard.
19:51 of 3rd period - Stopped by Jet Greaves with a rebound.
19:55 of 3rd period - Wrist shot by Derick Brassard.
19:55 of 3rd period - Shot Misses the Net.
19:57 of 3rd period - Wrist shot by Derick Brassard.
19:57 of 3rd period - Stopped by Jet Greaves with a rebound.
19:59 of 3rd period - Snap shot by Stefan Noesen.
19:59 of 3rd period - Stopped by Jet Greaves without a rebound.
Goals for this period are 0 for Espoo Blues vs 0 for Adelaide Pink Elephants.
Shots for this period are 14 for Espoo Blues vs 7 for Adelaide Pink Elephants.
Back to the Top